 Dungeon Crawl Stone Soup version 0.22-a0-274-gf8199ec (webtiles) character file.

6314 mortelune the Frost Mage (level 10, 0/63 HPs)
             Began as a Demonspawn Ice Elementalist on Mar 10, 2018.
             Was a Follower of Ashenzari.
             Slain by a hornet (5 damage)
             ... while paralysed by a hornet
             ... on level 9 of the Dungeon on Mar 15, 2018.
             The game lasted 00:40:40 (11876 turns).

mortelune the Frost Mage (DsIE)                    Turns: 11876, Time: 00:40:41

Health: 0/63       AC:  6    Str:  8    XL:     10   Next: 64%
Magic:  0/24       EV:  2    Int: 23    God:    Ashenzari [*.....]
Gold:   137        SH:  0    Dex: 15    Spells: 13/29 levels left

rFire    + + .     SeeInvis .   k - +2 flail (venom) (curse)
rCold    . . .     Gourm    .   (no shield)
rNeg     . . .     Faith    .   u - +2 robe {rF+} (curse)
rPois    .         Spirit   +   g - +0 helmet (curse)
rElec    .         Reflect  .   (no cloak)
rCorr    .         Harm     .   K - +0 pair of gloves {archery}
MR       .....                  (boots unavailable)
Stlth    +++.......             I - amulet of magic regeneration (curse)
HPRegen  0.20/turn              m - +4 ring of intelligence (curse)
MPRegen  0.63/turn              x - ring of stealth

@: paralysed, about to teleport, slowed
A: talons 3, fire resistance 1, magic shield, magic regeneration, flame cloud
immunity
a: Curse Item, Scrying, Renounce Religion


You were on level 9 of the Dungeon.
You worshipped Ashenzari.
Ashenzari was aware of your devotion.
You were not hungry.

You visited 2 branches of the dungeon, and saw 10 of its levels.

You collected 527 gold pieces.
You spent 390 gold pieces at shops.

Inventory:

Hand Weapons
 e - a +0 club
 k - a cursed +2 flail of venom (weapon)
Armour
 a - a +0 robe
 g - a cursed +0 helmet (worn)
 q - a +0 pair of gloves
 u - a cursed +2 robe of fire resistance (worn)
 K - a +0 pair of gloves of archery (worn)
Jewellery
 m - a cursed +4 ring of intelligence (left hand)
 o - an uncursed ring of resist corrosion
 v - an uncursed ring of protection from cold
 x - a ring of stealth (right hand)
 I - a cursed amulet of magic regeneration (around neck)
Wands
 y - a wand of acid (6)
 L - a wand of iceblast (11)
Scrolls
 b - 2 scrolls of teleportation
 d - 2 scrolls of enchant weapon
 f - a scroll of fog {unknown}
 i - 3 scrolls of remove curse
 l - 4 scrolls of magic mapping {unknown}
 n - 3 scrolls of amnesia
 r - a scroll of noise
 s - a scroll of random uselessness {unknown}
 B - a scroll of blinking {unknown}
 C - a scroll of immolation {unknown}
 H - a scroll of enchant armour {unknown}
Potions
 h - 2 potions of might
 j - a potion of agility {unknown}
 p - a potion of flight
 t - a potion of heal wounds
 w - a potion of ambrosia
 z - a potion of mutation
 A - a potion of magic
 D - 2 potions of brilliance
 E - a potion of invisibility
 F - a potion of berserk rage
Comestibles
 c - 8 rations


   Skills:
 - Level 1.7 Dodging
 - Level 1.7 Stealth
 + Level 10.2 Spellcasting
 + Level 4.2 Conjurations
 - Level 2.0 Translocations
 + Level 10.3 Ice Magic


You had 13 spell levels left.
You knew the following spells:

 Your Spells              Type           Power        Failure   Level  Hunger
a - Freeze                Ice            ####         1%          1    None
b - Throw Frost           Conj/Ice       #####.       1%          2    None
c - Ozocubu's Armour      Chrm/Ice       #####...     1%          3    None
d - Summon Ice Beast      Ice/Summ       #####...     6%          4    #......
e - Throw Icicle          Conj/Ice       #####...     2%          4    #......
f - Blink                 Tloc           N/A          3%          2    None


Dungeon Overview and Level Annotations

Branches:
Dungeon (9/15)             Temple (1/1) D:6             Orc (0/2) D:9
   Lair: D:8-11

Altars:
Ashenzari
Cheibriados
Dithmenos
Elyvilon
Fedhas
Gozag
Hepliaklqana
Kikubaaqudgha
Makhleb
Okawaru
Qazlal
Ru
Sif Muna
Trog
Uskayaw
Vehumet
Wu Jian
Xom
Yredelemnul
Zin
The Shining One

Shops:
D:9 =

Annotations:
D:2 Sigmund
D:5 exclusion: upstairs
D:6 RoseArtemis's ghost, novice MiFi


Innate Abilities, Weirdness & Mutations

You have claws for feet.
Your flesh is heat resistant. (rF+)
When hurt, damage is shared between your health and your magic reserves.
You regenerate magic rapidly.
You are immune to clouds of flame.


Message History

The hornet stings you!
* * * LOW HITPOINT WARNING * * *
You are more poisoned.
You feel as though you will be slow longer.
The hornet misses you.
Casting: Blink (safe; 3% risk of failure)
Confirm with . or Enter, or press ? or * to list all spells.
You blink.
* * * LOW HITPOINT WARNING * * *
You feel very sick. The hornet closely misses you. The hornet stings you.
* * * LOW HITPOINT WARNING * * *
You are more poisoned.
You feel as though you will be slow longer.
You feel better. The hornet closely misses you. The hornet misses you.
As you read the scroll of teleportation, it crumbles to dust.
You feel strangely unstable. The hornet stings you.
* * * LOW HITPOINT WARNING * * *
You suddenly lose the ability to move!
The hornet stings you!
You die...

#...PPPPP).#≈≈...
#....P_...))_≈^##
########PPPP..(≈.≈#..
#...#..(.........^...
#[..#................
##########.#####.........###
#........................#
#.....#######..#########.'.8
#.....#.#.#@#### .#...#..#..
######..##.#y#+
#.>'...#..### #.........#y#
#..#...#..# +.......##[#.#
#..#...#..# #.......######
##'#...#..# #########
#.........### #.........#..
#...........8 #.........#..


You could see 2 hornets.

Vanquished Creatures
  A two-headed ogre (D:8)
  Prince Ribbit (D:8)
  4 yaks (D:9)
  A water moccasin (D:6)
  Duvessa (D:5)
  3 orc warriors
  An ice beast (D:6)
  2 sky beasts
  A black bear (D:8)
  A necrophage (D:6)
  3 ogres
  A centaur (D:9)
  A big kobold (D:8)
  4 bullfrogs
  A water moccasin zombie (D:7)
  Dowan (D:5)
  4 scorpions
  10 killer bees
  5 howler monkeys
  5 crimson imps
  2 centaur zombies
  A quasit (D:9)
  5 hounds
  6 orc priests
  A jelly (D:8)
  8 orc wizards
  Natasha (D:2)
  2 iguanas
  10 worker ants
  A killer bee zombie (D:8)
  A hound zombie (D:8)
  2 hound skeletons
  A worker ant zombie (D:8)
  7 adders
  A shadow imp (D:5)
  An ooze (D:2)
  An adder zombie (D:8)
  An adder skeleton (D:8)
  5 worms
  A dart slug (D:3)
  5 leopard geckos
  48 orcs
  2 ball pythons
  5 giant cockroaches
  6 goblins
  8 hobgoblins
  5 jackals
  2 quokkas
  4 bats
  4 frilled lizards
  A jackal zombie (D:7)
  11 kobolds
  A leopard gecko skeleton (D:6)
  A leopard gecko zombie (D:8)
  A quokka skeleton (D:9)
  10 rats
223 creatures vanquished.

Vanquished Creatures (collateral kills)
  2 two-headed ogres
  2 yaks (D:9)
  A steam dragon (D:9)
  A wyvern skeleton (D:9)
  A howler monkey (D:9)
  An orc wizard (D:9)
  A worker ant (D:8)
  A shadow imp (D:9)
  An adder zombie (D:5)
11 creatures vanquished.

Vanquished Creatures (others)
  An orc wizard (D:9)
1 creature vanquished.

Grand Total: 235 creatures vanquished

Notes
Turn   | Place    | Note
-------+----------+-------------------------------------------
     0 | D:1      | mortelune the Demonspawn Ice Elementalist began the quest for the Orb.
     0 | D:1      | Reached XP level 1. HP: 13/13 MP: 3/3
     0 | D:1      | Upgraded the game from 0.22-a0-271-gc000056 to 0.22-a0-274-gf8199ec
   410 | D:1      | Gained mutation: You have sharp toenails. [demonic ancestry]
   410 | D:1      | Reached XP level 2. HP: 19/19 MP: 0/5
   432 | D:1      | Learned a level 2 spell: Throw Frost
  1387 | D:2      | Gained mutation: When hurt, damage is shared between your health and your magic reserves. [demonic ancestry]
  1387 | D:2      | Reached XP level 3. HP: 17/24 MP: 0/7
  1453 | D:2      | Noticed Natasha
  1459 | D:2      | Killed Natasha
  1543 | D:2      | Gained mutation: Your flesh is heat resistant. (rF+) [demonic ancestry]
  1543 | D:2      | Reached XP level 4. HP: 30/30 MP: 0/8
  1620 | D:2      | Noticed Sigmund
  2302 | D:3      | Learned a level 3 spell: Ozocubu's Armour
  2332 | D:3      | Found a radiant altar of Vehumet.
  3282 | D:3      | Gained mutation: You have razor-sharp toenails. [demonic ancestry]
  3282 | D:3      | Reached XP level 5. HP: 32/35 MP: 3/10
  3428 | D:4      | Noticed an ogre
  3434 | D:4      | Killed an ogre
  3605 | D:4      | Learned a level 4 spell: Summon Ice Beast
  3618 | D:4      | Noticed an ogre
  3642 | D:4      | Killed an ogre
  3642 | D:4      | Gained mutation: You regenerate magic rapidly. [demonic ancestry]
  3642 | D:4      | Reached XP level 6. HP: 30/41 MP: 1/12
  3646 | D:4      | Reached skill level 5 in Ice Magic
  4014 | D:4      | Found a glowing golden altar of the Shining One.
  4145 | D:4      | Reached skill level 5 in Spellcasting
  4364 | D:5      | Entered Level 5 of the Dungeon
  4449 | D:5      | Found an opulent altar of Gozag.
  4476 | D:5      | Reached XP level 7. HP: 41/46 MP: 1/14
  4701 | D:4      | Found an ornate altar of the Wu Jian Council.
  4904 | D:5      | Noticed Duvessa
  4905 | D:5      | Noticed Dowan
  5013 | D:6      | Noticed RoseArtemis's ghost (novice MiFi)
  5111 | D:5      | Killed Duvessa
  5175 | D:5      | Killed Dowan
  5279 | D:5      | Found a hazy altar of Hepliaklqana.
  5279 | D:5      | Found a bloodstained altar of Trog.
  5529 | D:6      | Learned a level 4 spell: Throw Icicle
  5691 | D:6      | Gained mutation: You are immune to clouds of flame. [demonic ancestry]
  5691 | D:6      | Reached XP level 8. HP: 42/51 MP: 5/17
  5961 | D:6      | Learned a level 2 spell: Blink
  6036 | D:6      | Reached skill level 1 in Translocations
  6265 | D:6      | Found a staircase to the Ecumenical Temple.
  6271 | Temple   | Entered the Ecumenical Temple
  6312 | Temple   | Became a worshipper of Ashenzari the Shackled
  6590 | D:7      | Found a snail-covered altar of Cheibriados.
  7459 | D:7      | Reached XP level 9. HP: 23/56 MP: 3/20
  7761 | D:8      | Noticed a two-headed ogre
  8216 | D:8      | Found a glowing silver altar of Zin.
  8245 | D:8      | Killed a two-headed ogre
  8594 | D:8      | Noticed Prince Ribbit
  8608 | D:8      | Killed Prince Ribbit
  8853 | D:8      | Noticed a two-headed ogre
  9334 | D:8      | Killed a two-headed ogre
  9334 | D:8      | Gained mutation: You have claws for feet. [demonic ancestry]
  9334 | D:8      | Reached XP level 10. HP: 26/62 MP: 0/23
  9525 | D:8      | Identified the Grimoire of the Glacier and Stolen Souls
  9905 | D:9      | Reached * piety under Ashenzari
 10274 | D:9      | Found Rostrokh's Jewellery Shoppe.
 10290 | D:9      | Bought an uncursed amulet of magic regeneration for 390 gold pieces
 10535 | D:9      | Found a burning altar of Makhleb.
 10677 | D:9      | Found a staircase to the Orcish Mines.
 10748 | D:9      | Noticed a skeletal warrior
 10751 | D:9      | Noticed a skeletal warrior
 10784 | D:9      | Noticed a skeletal warrior
 11001 | D:9      | Noticed a two-headed ogre
 11009 | D:9      | Killed a two-headed ogre
 11009 | D:9      | Reached skill level 10 in Ice Magic
 11062 | D:9      | Found a deep blue altar of Sif Muna.
 11127 | D:9      | Reached skill level 10 in Spellcasting
 11630 | D:9      | Found a stormy altar of Qazlal.
 11636 | D:9      | Found a blossoming altar of Fedhas.
 11874 | D:9      | HP: 2/63 [hornet (2)]
 11876 | D:9      | Paralysed by a hornet for 3 turns
 11876 | D:9      | Slain by a hornet

Vault maps used:
D:1:      minmay_arrival_jagged
D:2:      lemuel_coloured_pillars_altar, uniq_natasha, uniq_sigmund
D:3:      overflow_temple_1_default, first_ration
D:4:      nicolae_overflow_hidden_temple
D:5:      nicolae_gozag_seed_capital, minitemple, uniq_duvessa
D:6:      minmay_temple_entry_fiery
D:7:      cheibriados_altar_1
D:8:      zin_scriptorium, uniq_prince_ribbit1
D:9:      marbit_many_paths, overflow_temple_1_default,
          grunt_temple_overflow_forces_of_nature, lair_entry_dummy,
          hiddenorc2_lemuel, serial_shops, shop_fountains,
          hangedman_pestilent_swarm, uniq_joseph
Temple:   kb_temple_of_zot

Skill      XL: |  1  2  3  4  5  6  7  8  9 10 |
---------------+-------------------------------+-----
Ice Magic      | 3 4 5 6 7 9 10 | 10.3
Spellcasting   | 3 4 5 6 7 9 10 | 10.2
Translocations | 2 |  2.0
Conjurations   | 4 |  4.2
Dodging        | |  1.7
Stealth        | |  1.7

Action                   |  1- 3 |  4- 6 |  7- 9 | 10-12 || total
-------------------------+-------+-------+-------+-------++-------
Melee: Club              |     2 |     1 |       |       ||     3
       Flail             |       |    19 |    67 |     6 ||    92
       Kick              |       |     3 |    22 |     3 ||    28
 Cast: Freeze            |    34 |    62 |   123 |    89 ||   308
       Throw Frost       |    15 |    50 |    99 |    65 ||   229
       Ozocubu's Armour  |       |     2 |    12 |     1 ||    15
       Throw Icicle      |       |       |    22 |    25 ||    47
       Summon Ice Beast  |       |       |     8 |    22 ||    30
       Blink             |       |       |     1 |     4 ||     5
Invok: Curse Item        |       |       |     4 |     1 ||     5
  Use: Scroll            |       |     2 |     7 |     7 ||    16
       Potion            |       |       |       |     3 ||     3
 Stab: Sleeping          |       |     1 |       |       ||     1
  Eat: Chunk             |     2 |    10 |    11 |     9 ||    32
       Ration            |       |       |     2 |       ||     2
Armor: Robe              |     7 |    10 |    82 |    33 ||   132
Dodge: Dodged            |    16 |    42 |   116 |    67 ||   241

Table legend:
 A = Spawn XP
 B = Non-spawn XP
 C = Spawn XP percentage of total XP
 D = Spawn monster count
 E = Non-spawn monster count
 F = Spawn count percentage of total count
 G = Total turns spent on level
                    A         B        C        D         E        F      G
               +---------+---------+-------+---------+---------+-------+---------
         Total |       0 |    9020 |   0.0 |       0 |     235 |   0.0 | 11876
               +---------+---------+-------+---------+---------+-------+---------
           D:1 |       0 |      44 |   0.0 |       0 |      27 |   0.0 |  1620
           D:2 |       0 |      89 |   0.0 |       0 |      15 |   0.0 |   774
           D:3 |       0 |      75 |   0.0 |       0 |      19 |   0.0 |  1118
           D:4 |       0 |     498 |   0.0 |       0 |      14 |   0.0 |   908
           D:5 |       0 |     563 |   0.0 |       0 |      14 |   0.0 |  1299
           D:6 |       0 |     620 |   0.0 |       0 |      11 |   0.0 |   762
           D:7 |       0 |     916 |   0.0 |       0 |      22 |   0.0 |  1439
           D:8 |       0 |    3114 |   0.0 |       0 |      52 |   0.0 |  2381
           D:9 |       0 |    3101 |   0.0 |       0 |      61 |   0.0 |  1471
               +---------+---------+-------+---------+---------+-------+---------
